 Dungeon Crawl Stone Soup version 0.26-a0-597-gb535b0901c (webtiles) character file.

Game seed: 8382062682237440252

129 Flugslaktarn the Skirmisher (level 4, -2/41 HPs)
             Began as a Minotaur Fighter on Sept 13, 2020.
             Was an Initiate of Ru.
             Slain by an adder (3 damage)
             ... on level 4 of the Dungeon.
             The game lasted 00:00:47 (1193 turns).

Flugslaktarn the Skirmisher (Minotaur Fighter)      Turns: 1193, Time: 00:00:48

Health: -2/41      AC:  7    Str: 19 (21) XL:     4   Next: 88%
Magic:  3/3        EV:  7    Int:  4 (6)  God:    Ru [......]
Gold:   61         SH:  9    Dex:  8 (9)  Spells: 3/3 levels left

rFire    . . .     SeeInvis .   a - +0 war axe
rCold    . . .     Faith    .   c - +0 kite shield
rNeg     . . .     Spirit   .   b - +0 scale mail
rPois    .         Reflect  .   (helmet restricted)
rElec    .         Harm     .   (no cloak)
rCorr    .                      (no gloves)
MR       .....                  (no boots)
Stlth    ..........             f - amulet of magic regeneration
HPRegen  0.13/turn              (no ring)
MPRegen  0.33/turn              (no ring)

@: lethally poisoned (-2 -> -26), hasted, very quick
A: retaliatory headbutt, horns 2
a: Renounce Religion


You were on level 4 of the Dungeon.
You worshipped Ru.
Ru was noncommittal.
You visited 1 branch of the dungeon, and saw 4 of its levels.

You collected 61 gold pieces.

Inventory:

Hand Weapons
 a - a +0 war axe (weapon)
Armour
 b - a +0 scale mail (worn)
 c - a +0 kite shield (worn)
Jewellery
 f - an amulet of magic regeneration (around neck)
   (You found it on level 1 of the Dungeon)
 k - an uncursed ring of resist corrosion
   (You took it off an orc on level 3 of the Dungeon)
Wands
 n - a wand of acid (9)
   (You found it on level 3 of the Dungeon)
Scrolls
 e - 4 scrolls of identify {unknown}
 g - a scroll of noise {unknown}
 i - 4 scrolls of magic mapping {unknown}
 m - a scroll of fear {unknown}
 q - a scroll of enchant weapon {unknown}
Potions
 d - a potion of might
 h - a potion of haste
 l - a potion of invisibility {unknown}
 o - a potion of mutation {unknown}
 p - a potion of heal wounds {unknown}
 r - a potion of flight {unknown}


   Skills:
 * Level 4.9 Fighting
 * Level 4.0 Axes
 + Level 4.4 Armour
 + Level 4.2 Shields


You had 3 spell levels left.
You didn't know any spells.
Your spell library was empty.

Dungeon Overview and Level Annotations

Branches:
Dungeon (4/15)
 Temple: D:4-7

Altars:
Ru
The Shining One


Innate Abilities, Weirdness & Mutations

You reflexively headbutt those who attack you in melee.
You have a pair of horns on your head.


Message History

* * * LOW HITPOINT WARNING * * *
You are too injured to fight recklessly!
There is a lethal amount of poison in your body!
You are too injured to fight recklessly!
* * * LOW HITPOINT WARNING * * *
You feel very sick.
* * * LOW HITPOINT WARNING * * *
You feel sick. The adder bites you but does no damage.
There is a stone staircase leading up here.
It was a potion of haste.
You feel yourself speed up.
h - a potion of haste;
g - a scroll labeled UDEONA YNASEQ
* * * LOW HITPOINT WARNING * * *
You feel sick. You block the adder's attack.
Unknown command.
It was a potion of degeneration.
There was something very wrong with that liquid.
You feel weakened.
You feel dopey.
You feel clumsy.
* * * LOW HITPOINT WARNING * * *
You feel sick. The adder bites you.
You die...

.... #... #...
##.... .##...
#......
......##$......
#...#.........
#.............
#....†s#
#...#.#S# # #
#@# ###


You could see a scorpion and an adder.

Vanquished Creatures
  An orc wizard (D:3)
  3 adders
  An ooze (D:1)
  A dart slug (D:3)
  6 leopard geckos
  10 orcs (D:3)
  A bat zombie (D:1)
  4 goblins
  3 hobgoblins (D:1)
  9 kobolds
  3 quokkas
  3 bats
  4 frilled lizards
  A leopard gecko zombie (D:1)
  8 rats
58 creatures vanquished.

Notes
Turn   | Place    | Note
-------+----------+-------------------------------------------
     0 | D:1      | Flugslaktarn the Minotaur Fighter began the quest for the
                  | Orb.
     0 | D:1      | Reached XP level 1. HP: 19/19 MP: 0/0
    69 | D:1      | Reached XP level 2. HP: 24/27 MP: 1/1
   426 | D:2      | Found a sacrificial altar of Ru.
   428 | D:2      | Reached XP level 3. HP: 33/33 MP: 2/2
   441 | D:2      | Became a worshipper of Ru the Awakened
   532 | D:3      | Found a faded altar of an unknown god.
   904 | D:3      | Reached XP level 4. HP: 41/41 MP: 3/3
  1079 | D:3      | Found a glowing golden altar of the Shining One.
  1192 | D:4      | HP: 1/41 [poisoned by a scorpion]
  1193 | D:4      | Slain by an adder

Illustrated notes

Levels and vault maps discovered:
D:1:      saegor_arrival_fortress, layout_rooms
D:2:      layout_basic, nicolae_ru_awakened_eye, nicolae_overflow_hidden_temple,
          uniq_robin
D:3:      layout_loops_cross, lemuel_round_altar,
          chequers_ecumenical_altar_island, minmay_fractal_squares_5
D:4:      layout_basic, minmay_misc_feat_secret_circle, lemuel_altar_in_water

Skill      XL: |  1  2  3  4 |
---------------+-------------+-----
Fighting       | 4 |  4.9
Axes           | 3 4 |  4.0
Shields        | 4 |  4.2
Armour         | 4 |  4.4

Action                   |  1- 3 |  4- 6 || total
-------------------------+-------+-------++-------
Melee: War axe           |    72 |    44 ||   116
       Headbutt          |     7 |     7 ||    14
  Use: Potion            |       |     2 ||     2
Armor: Scale mail        |    31 |    30 ||    61
Dodge: Dodged            |    21 |    13 ||    34
Block: Kite shield       |    30 |    27 ||    57

Table legend: (Time is in decaauts)
 A = Elapsed time spent in this place.
 B = Non-inter-level travel time spent in this place.
 C = Inter-level travel time spent in this place.
 D = Time resting spent in this place.
 E = Time spent auto-exploring this place.
 F = Levels seen in this place.
 G = Mean time per level.
                   A        B        C        D        E       F      G
               +--------+--------+--------+--------+--------+-----+--------+
         Total |   1240 |   1152 |     88 |      0 |    849 |   4 |  310.0 |
       Dungeon |   1240 |   1152 |     88 |      0 |    849 |   4 |  310.0 |
               +--------+--------+--------+--------+--------+-----+--------+

Top non-repeatable levels by time:
     D:3: 715 daAuts
     D:1: 321 daAuts
     D:2: 187 daAuts
     D:4: 15 daAuts
